 Dungeon Crawl Stone Soup version 0.29.0-13-gc9e81de378 (webtiles) character file.

Game seed: 13056043507194530200

2665 anonim the Fighter (level 9, -2/102 HPs)
             Began as an Ogre Delver on Sept 11, 2022.
             Was a Follower of Okawaru.
             Slain by an elephant (7 damage)
             ... while petrified by a basilisk
             ... on level 10 of the Dungeon.
             The game lasted 00:28:06 (10268 turns).

anonim the Fighter (Ogre Delver)                   Turns: 10268, Time: 00:28:07

Health: -2/102     AC:  5    Str: 22    XL:     9   Next: 63%
Magic:  12/12      EV:  1    Int: 11    God:    Okawaru [*.....]
Gold:   480        SH:  0    Dex: 10    Spells: 7/8 levels left

rFire   + . .      SeeInvis .   a - +0 trident (drain)
rCold   + . .      Faith    +   (no shield)
rNeg    + + +      Spirit   .   s - +2 robe {rC+ rF+}
rPois   ∞          Reflect  .   (helmet restricted)
rElec   .          Harm     .   (no cloak)
rCorr   .          Rampage  .   (gloves unavailable)
Will    .....                   (boots unavailable)
Stlth   ++........              x - amulet of faith
HPRegen 0.27/turn               (no ring)
MPRegen 0.13/turn               (no ring)

@: petrified
A: large, unfitting armour, tough skin 1
a: Renounce Religion, Heroism


You were on level 10 of the Dungeon.
You worshipped Okawaru.
Okawaru was aware of your devotion.
You visited 2 branches of the dungeon, and saw 11 of its levels.

You collected 611 gold pieces.
You spent 131 gold pieces at shops.

Inventory:

Hand Weapons
 a - a +0 trident of draining (weapon)
Missiles
 j - 21 poisoned darts (quivered)
 k - 8 boomerangs
 y - a silver boomerang
 z - 67 stones
 K - 5 javelins
Armour
 s - a +2 robe of resistance (worn)
Magical Staves
 G - a staff of fire
Jewellery
 x - an amulet of faith (around neck)
Wands
 g - a wand of digging (3)
 w - a wand of paralysis (13)
 A - a wand of iceblast (1)
 F - a wand of polymorph (15)
Scrolls
 b - 2 scrolls of enchant weapon
 c - a scroll of fog
 d - 5 scrolls of magic mapping
 e - a scroll of fear
 f - 2 scrolls of poison
 i - 3 scrolls of amnesia
 p - 2 scrolls of enchant armour
 r - a scroll of identify
 t - 6 scrolls of teleportation
 E - a scroll of vulnerability
 J - a scroll of torment
Potions
 h - 2 potions of haste
 l - a potion of invisibility
 m - a potion of lignification
 n - a potion of brilliance {unknown}
 o - 4 potions of attraction {unknown}
 q - 3 potions of curing
 u - 3 potions of magic {unknown}
 v - 6 potions of might {unknown}
 B - a potion of degeneration {unknown}
 C - 2 potions of cancellation {unknown}
 D - 2 potions of berserk rage {unknown}
 H - a potion of heal wounds {unknown}
 I - a potion of ambrosia {unknown}


   Skills:
 + Level 10.7 Fighting
 + Level 6.7 Polearms
 + Level 6.8 Throwing
 - Level 1.7 Dodging
 - Level 3.7 Stealth
 + Level 4.2 Invocations


You had 7 spell levels left.
You knew the following spells:

 Your Spells              Type           Power      Damage    Failure   Level
f - Apportation           Tloc           0%         N/A       34%         1

Your spell library contained the following spells:

 Spells                   Type           Power      Damage    Failure   Level
 Freeze                   Ice            0%         1d3       34%         1
 Necrotise                Necr           0%         1d4       34%         1
 Slow                     Hex            0%         N/A       34%         1
 Confusing Touch          Hex            0%         N/A       71%         3
 Frozen Ramparts          Ice            0%         1d1       71%         3
 Ozocubu's Armour         Ice            0%         N/A       71%         3
 Vampiric Draining        Necr           0%         2d6       71%         3
 Hailstorm                Conj/Ice       0%         3d3       98%         4
 Agony                    Necr           0%         N/A       100%        5
 Metabolic Englaciation   Hex/Ice        0%         N/A       100%        5
 Simulacrum               Ice/Necr       Unusable   N/A       N/A         6

Dungeon Overview and Level Annotations

Branches:
Dungeon (10/15) Zot: 26575  Temple (1/1) D:6 Zot: 5924    Lair (0/5) D:10
    Orc: D:9-12

Altars:
Ashenzari
Cheibriados
Dithmenos
Elyvilon
Fedhas
Hepliaklqana
Kikubaaqudgha
Makhleb
Okawaru
Qazlal
Ru
Sif Muna
Trog
Uskayaw
Vehumet
Wu Jian
Xom
Yredelemnul
Zin
The Shining One

Shops:
D:2 *   D:4 :

Annotations:
D:3 exclusion: upstairs
D:8 1 runed translucent door, MirrMurr's ghost, novice SpGl
D:10 Erica


Innate Abilities, Weirdness & Mutations

You are too large for most types of armour.
You have tough skin. (AC +1)


Message History

The yak gores you! The elephant tramples you!
You hold your ground!
The elephant trunk-slaps you. The basilisk bites you.
The komodo dragon bites you.
The black bear bites you but does no damage.
The black bear claws you.
The black bear claws you but does no damage.
The yak gores you! The basilisk bites you! The elephant tramples you!
You hold your ground!
The elephant trunk-slaps you but does no damage.
The komodo dragon bites you but does no damage.
The black bear bites you. The black bear claws you.
The black bear claws you but does no damage.
The yak gores you!
* * * LOW HITPOINT WARNING * * *
The elephant tramples you.
* * * LOW HITPOINT WARNING * * *
You hold your ground!
The elephant trunk-slaps you. The basilisk bites you!
* * * LOW HITPOINT WARNING * * *
The komodo dragon bites you but does no damage.
The black bear bites you but does no damage.
The black bear barely misses you. The black bear claws you.
* * * LOW HITPOINT WARNING * * *
The yak gores you!
* * * LOW HITPOINT WARNING * * *
The basilisk bites you.
* * * LOW HITPOINT WARNING * * *
The elephant tramples you!
* * * LOW HITPOINT WARNING * * *
You hold your ground!
The elephant trunk-slaps you. The komodo dragon bites you!
* * * LOW HITPOINT WARNING * * *
The black bear bites you but does no damage.
The black bear claws you.
* * * LOW HITPOINT WARNING * * *
The black bear claws you.
* * * LOW HITPOINT WARNING * * *
The yak gores you!
* * * LOW HITPOINT WARNING * * *
The elephant tramples you!
You die...

#.........
#####.............
.[................ .
.................. ..
.................# ..#
.[...............# ....
.!...............# ...P.
....†.<.l......Yl#..P..P
...............h@l......
...............Y........
....o................>..
.......)................
........................
...o.............#......
.................#...(P.
........##...$.


You could see an elephant, a komodo dragon, a yak, a basilisk and a black bear.

Vanquished Creatures
  A hornet (D:9)
  A wraith (D:7)
  A water moccasin (D:7)
  Duvessa (D:4)
  An orc warrior (D:8)
  2 black bears (D:5)
  2 ogres
  2 centaurs
  A phantom (D:4)
  2 kobold brigands (D:7)
  A bullfrog (D:6)
  3 scorpions
  Dowan (D:4)
  7 killer bees (D:8)
  3 howler monkeys
  3 jellies
  2 hounds
  An orc priest (D:8)
  3 iguanas
  3 orc wizards
  Natasha (twice) (D:2)
  3 adders
  A shadow imp (D:7)
  2 white imps
  An ufetubus (D:5)
  3 worms
  3 dart slugs
  18 orcs
  7 bats
  10 endoplasms
  9 giant cockroaches
  8 goblins
  8 hobgoblins
  2 jackals (D:1)
  2 quokkas
  12 ball pythons
  5 frilled lizards
  21 kobolds
  4 rats
162 creatures vanquished.

Vanquished Creatures (others)
  A slime creature (D:9)
  A fungus (D:5)
  A plant (D:2)
3 creatures vanquished.

Grand Total: 165 creatures vanquished

Notes
Turn   | Place    | Note
-------+----------+-------------------------------------------
     0 | D:5      | anonim the Ogre Delver began the quest for the Orb.
     0 | D:5      | Reached XP level 1. HP: 24/24 MP: 1/1
    31 | D:5      | Noticed a scorpion
    42 | D:5      | Noticed a scorpion
    47 | D:5      | Noticed a jelly
   179 | D:5      | Noticed a black bear
   209 | D:4      | Noticed a phantom
   249 | D:3      | Noticed a kobold brigand
   335 | D:3      | Reached XP level 2. HP: 32/32 MP: 2/2
   351 | D:2      | Found Dymynn's Assorted Antiques.
   487 | D:3      | Identified the +1 leather armour of Marbles {*Slow Str-4
                  | Int+4 Dex+10}
   495 | D:3      | Found an ancient bone altar of Kikubaaqudgha.
   962 | D:2      | Noticed Natasha
   981 | D:1      | Reached XP level 3. HP: 39/39 MP: 3/3
  1130 | D:1      | Found a faded altar of an unknown god.
  1140 | D:1      | Got Plato's Almanac of the Traveller
  1143 | D:1      | Learned a level 1 spell: Apportation
  1733 | D:2      | Reached XP level 4. HP: 48/48 MP: 4/4
  1853 | D:2      | Bought an orange potion for 18 gold pieces
  1853 | D:2      | Bought an orange potion for 18 gold pieces
  1853 | D:2      | Bought an emerald potion for 18 gold pieces
  1853 | D:2      | Bought a glowing robe for 77 gold pieces
  2021 | D:2      | Killed Natasha
  2022 | D:2      | Reached skill level 1 in Throwing
  2161 | D:2      | Noticed Natasha
  2178 | D:2      | Killed Natasha
  2179 | D:2      | Reached XP level 5. HP: 53/54 MP: 5/5
  2773 | D:3      | Found a stormy altar of Qazlal.
  2866 | D:4      | Noticed Dowan
  2867 | D:4      | Noticed Duvessa
  2926 | D:4      | Killed Duvessa
  2927 | D:4      | Reached skill level 5 in Polearms
  2927 | D:4      | Reached XP level 6. HP: 24/63 MP: 6/6
  2947 | D:4      | Killed Dowan
  2948 | D:4      | Reached skill level 5 in Fighting
  3254 | D:4      | Reached skill level 6 in Fighting
  3525 | D:4      | Found Qoilid's Book Shop.
  3604 | D:4      | Reached XP level 7. HP: 76/76 MP: 7/7
  4474 | D:5      | Reached skill level 7 in Fighting
  4996 | D:5      | Reached skill level 8 in Fighting
  4996 | D:5      | Reached XP level 8. HP: 88/88 MP: 8/8
  5614 | D:5      | Found a snail-covered altar of Cheibriados.
  5701 | D:6      | Identified the +5 dagger of Poac {speed, rN+ Int-3 Stlth+}
  5891 | D:6      | Found a staircase to the Ecumenical Temple.
  5901 | Temple   | Entered the Ecumenical Temple
  5954 | Temple   | Became a worshipper of Warmaster Okawaru
  6012 | D:6      | Reached skill level 9 in Fighting
  6070 | D:6      | Reached skill level 5 in Throwing
  6082 | D:6      | Found a bloodstained altar of Trog.
  6098 | D:6      | Identified the +6 dagger "Ramienwei" {venom, rC+ rCorr MP+9
                  | Stlth+}
  6865 | D:7      | Noticed a wraith
  6871 | D:6      | Reached skill level 10 in Fighting
  7100 | D:7      | Killed a wraith
  7101 | D:7      | Reached XP level 9. HP: 101/101 MP: 9/9
  7495 | D:7      | Found a glowing golden altar of the Shining One.
  7850 | D:8      | Found a runed translucent door.
  8117 | D:8      | Noticed MirrMurr's ghost (novice SpGl)
  8459 | D:8      | Reached * piety under Okawaru
  8746 | D:8      | Reached skill level 1 in Invocations
  9175 | D:9      | Noticed a hornet
  9180 | D:9      | Killed a hornet
  9788 | D:9      | Noticed a white ugly thing
  9788 | D:9      | Noticed a freezing wraith
  9788 | D:9      | Noticed an efreet
  9788 | D:9      | Noticed a green ugly thing
  9831 | D:9      | Noticed a cyclops
  9832 | D:9      | Noticed a boulder beetle
  9847 | D:10     | Entered Level 10 of the Dungeon
  9847 | D:10     | Noticed an elephant
  9847 | D:10     | Noticed Erica
  9847 | D:10     | Noticed a komodo dragon
  9847 | D:10     | Found a staircase to the Lair.
 10268 | D:10     | HP: 5/102 [yak (5)]
 10268 | D:10     | Slain by an elephant

Illustrated notes

Levels and vault maps discovered:
D:1:      co_arrival_square_in_a_square_in_a_square, layout_basic,
          serial_corexii_hall, chequers_hall_statues_wall_a,
          chequers_hall_statues_corner_a, shapermc_ecumenical_altar_rom_forum,
          minmay_cut_off
D:2:      layout_basic, serial_shops, nicolae_shop_overgrown_old_shop,
          minmay_fractal_squares_gapless_5, uniq_natasha
D:3:      layout_loops_cross, amcnicky_altar_gilded, grunt_qazlal_clouds,
          lightli_corner_chamber
D:4:      layout_basic, serial_shops, nicolae_shop_crystal,
          nicolae_hexahallways, uniq_duvessa
D:5:      layout_basic, chei_slow_surprise, dreamdust_mushroom_princess
D:6:      layout_layer_cave, bloody_trog, temple_pool_b, lemuel_old_faithful
D:7:      layout_loops_ring, nicolae_tso_carved_into_rock
D:8:      layout_basic, hellmonk_ghost_happy_afterlife, dk_rats_in_the_wall
D:9:      layout_roguey, minivault_12
D:10:     layout_long_grid, nicolae_gozag_cash_rules_everything_around_me,
          nemelex_spade_bored_becter, david_lair_generic,
          hellmonk_guarded_unrand_lears, uniq_erica
Temple:   eino_wide_crystal_templ

Skill      XL: |  1  2  3  4  5  6  7  8  9 |
---------------+----------------------------+-----
Polearms       | 3 4 5 6 |  6.7
Throwing       | 1 3 4 6 |  6.8
Fighting       | 6 8 10 | 10.7
Invocations    | 4 |  4.2
Dodging        | |  1.7
Stealth        | |  3.7

Action                   |  1- 3 |  4- 6 |  7- 9 || total
-------------------------+-------+-------+-------++-------
Melee: Spear             |   126 |   219 |    97 ||   442
       Punch             |     1 |     3 |     2 ||     6
       Trident           |       |       |   162 ||   162
Throw: Boomerang         |     2 |       |    16 ||    18
       Dart              |       |     7 |    44 ||    51
       Throwing net      |       |     2 |       ||     2
       Javelin           |       |       |    28 ||    28
Invok: Heroism           |       |       |     1 ||     1
Evoke: Wand              |       |       |     9 ||     9
  Use: Potion            |     1 |     4 |     3 ||     8
       Scroll            |       |       |    10 ||    10
 Stab: Sleeping          |     8 |     7 |     4 ||    19
       Distracted        |       |     1 |       ||     1
       Paralysed         |       |       |     3 ||     3
Armor: Robe              |    20 |    29 |    78 ||   127
       Skin              |       |    70 |    28 ||    98
Dodge: Dodged            |    29 |    37 |   106 ||   172
